 Dungeon Crawl Stone Soup version 0.22.1-1-ga44c0e5 (webtiles) character file.

678298 Kay the Slayer (level 27, -12/252 HPs)
             Began as a Demonspawn Monk on Oct 23, 2018.
             Was the Champion of Okawaru.
             Killed by a malign offering
             ... invoked by a deep elf high priest
              (21 damage)
             ... on level 3 of the Elven Halls on Oct 24, 2018.
             The game lasted 05:42:39 (57732 turns).

Kay the Slayer (Demonspawn Monk)                   Turns: 57732, Time: 05:42:39

Health: -12/252    AC: 48    Str: 28    XL:     27
Magic:  30/30      EV: 17    Int: 18    God:    Okawaru [******]
Gold:   4610       SH: 15    Dex: 19    Spells: 26/26 levels left

rFire    + + .     SeeInvis .   a - +9 broad axe of Chagrin {chop, rPois rC+ Stlth+}
rCold    + . .     Gourm    .   H - +2 buckler of Shielding {*Contam Str+5}
rNeg     . . .     Faith    .   b - +8 orange crystal plate armour {Archmagi, Int+3 Clar}
rPois    +         Spirit   .   j - +1 hat of Qafo {rF++ Str+2}
rElec    .         Reflect  +   d - +2 cloak {MR+}
rCorr    .         Harm     .   V - +2 pair of gloves {Str+3}
MR       +++++     Clarity  +   (boots unavailable)
Stlth    ..........             O - +5 amulet of reflection
HPRegen  7.52/turn              Q - +3 ring of slaying
MPRegen  0.22/turn              C - ring of protection from magic

@: about to teleport, studying Invocations, drained
A: hooves 3, rugged brown scales 3, camouflage 1, demonic guardian 3, magic
resistance 1, mutation resistance 1, poison resistance, powered by death 3,
augmentation 3
}: 3/15 runes: serpentine, barnacled, silver
a: Heroism, Finesse, Renounce Religion


You were on level 3 of the Elven Halls.
You worshipped Okawaru.
Okawaru was exalted by your worship.
You were hungry.

You visited 10 branches of the dungeon, and saw 50 of its levels.
You visited 1 ziggurat, and saw 9 of its levels.
You also visited: Labyrinth, Trove and Ice Cave.

You collected 7562 gold pieces.
You spent 2952 gold pieces at shops.

Inventory:

Hand Weapons
 a - the +9 broad axe of Chagrin (weapon) {chop, rPois rC+ Stlth+}
   (You found it on level 15 of the Dungeon)

   It inflicts extra damage upon your enemies.
   It protects you from cold.
   It protects you from poison.
   It makes you more stealthy.
Missiles
 B - 27 steel javelins (quivered)
Armour
 b - the +8 orange crystal plate armour (worn) {Archmagi, Int+3 Clar}
   (You acquired it on level 5 of a ziggurat)

   It affects your intelligence (+3).
   It protects you against confusion.
 d - a +2 cloak of magic resistance (worn)
 j - the +1 hat of Qafo (worn) {rF++ Str+2}
   (Okawaru gifted it to you on level 2 of the Orcish Mines)

   It affects your strength (+2).
   It greatly protects you from fire.
 r - +1 gold dragon scales
 G - a +0 helmet of see invisible
 H - the +2 buckler of Shielding (worn) {*Contam Str+5}
   (You bought it in a shop on level 2 of the Orcish Mines)

   It affects your strength (+5).
   It causes magical contamination when unequipped.
 V - a +2 pair of gloves of strength (worn)
Jewellery
 e - the amulet "Goomniw" {Spirit rF+}
   (You acquired it on level 15 of the Dungeon)

   [amulet of guardian spirit]

   It causes incoming damage to be split between your health and magic.
   It protects you from fire.
 h - the ring of Departure {rPois rC+ Str-3 Int-5 Stlth+}
   (You bought it in a shop on level 12 of the Dungeon)

   [ring of strength]

   It affects your strength (-3).
   It affects your intelligence (-5).
   It protects you from cold.
   It protects you from poison.
   It makes you more stealthy.
 l - an uncursed ring of positive energy
 u - the ring of Free Expression {rCorr *Corrode MP+9 Str+3}
   (You found it on level 9 of a ziggurat)

   [ring of resist corrosion]

   It affects your strength (+3).
   It affects your magic capacity (+9).
   It may corrode you when you take damage.
 v - the ring of the Establishment {-Tele MR+ Str+8 Stlth+}
   (You found it on level 5 of the Vaults)

   [ring of stealth]

   It affects your strength (+8).
   It affects your resistance to hostile enchantments.
   It prevents most forms of teleportation.
   It makes you more stealthy.
 C - a ring of protection from magic (right hand)
 L - an uncursed ring of protection from cold
 O - a +5 amulet of reflection (around neck)
 Q - a +3 ring of slaying (left hand)
 X - an uncursed ring of protection from magic
 Z - a +4 ring of protection
Wands
 f - a wand of disintegration (39)
 n - a wand of iceblast (59)
 t - a wand of paralysis (72)
 w - a wand of flame (142)
 y - a wand of acid (32)
 R - a wand of enslavement (43)
 S - a wand of digging (41)
Scrolls
 i - 25 scrolls of remove curse
 k - 13 scrolls of fog
 q - 26 scrolls of teleportation
 s - 11 scrolls of blinking
 x - 2 scrolls of identify
 A - a scroll of summoning
 D - 3 scrolls of silence
 K - 9 scrolls of magic mapping
Potions
 g - 21 potions of curing
 o - 12 potions of heal wounds
 z - 5 potions of haste
 E - a potion of invisibility
 F - 4 potions of might
 J - 3 potions of agility
 M - 3 potions of flight
 P - 2 potions of resistance
 T - a potion of cancellation
 Y - a potion of berserk rage
Books
 W - a manual of Invocations
Miscellaneous
 m - a phantom mirror
 p - a lightning rod (4/4)
 I - a phial of floods
 N - a crystal ball of energy
 U - a fan of gales
Comestibles
 c - 72 rations


   Skills:
 + Level 23.4(23.2) Fighting
 + Level 22.6(22.4) Axes
   Level 11.0(10.9) Bows
 + Level 6.1(5.9) Throwing
 * Level 22.7(22.5) Armour
 * Level 16.6(16.4) Dodging
 - Level 1.7(1.6) Stealth
 - Level 12.5(12.4) Shields
 * Level 10.6(10.4) Invocations
 + Level 7.2(7.0) Evocations


You had 26 spell levels left.
You didn't know any spells.
Your spell library contained the following spells:

 Spells                   Type           Power        Failure   Level  Hunger
 Animate Skeleton         Necr           N/A          89%         1    ##.....
 Apportation              Tloc           #.....       89%         1    ##.....
 Confusing Touch          Hex            #.....       89%         1    ##.....
 Corona                   Hex            #......      89%         1    ##.....
 Flame Tongue             Conj/Fire      #....        89%         1    ##.....
 Freeze                   Ice            #...         89%         1    ##.....
 Infusion                 Chrm           #...         89%         1    ##.....
 Magic Dart               Conj           #...         89%         1    ##.....
 Pain                     Necr           #...         89%         1    ##.....
 Sandblast                Erth           #.....       89%         1    ##.....
 Shock                    Conj/Air       #...         89%         1    ##.....
 Sting                    Conj/Pois      #...         89%         1    ##.....
 Summon Butterflies       Summ           #.......     89%         1    ##.....
 Summon Small Mammal      Summ           #...         89%         1    ##.....
 Blink                    Tloc           N/A          96%         2    ###....
 Call Imp                 Summ           #.......     96%         2    ###....
 Corpse Rot               Necr           N/A          96%         2    ###....
 Passwall                 Tmut/Erth      #.......     96%         2    ###....
 Poisonous Vapours        Pois/Air       #.....       96%         2    ###....
 Searing Ray              Conj           #.....       96%         2    ###....
 Shroud of Golubria       Chrm/Tloc      #.........   96%         2    ###....
 Slow                     Hex            #.......     96%         2    ###....
 Song of Slaying          Chrm           #.......     96%         2    ###....
 Sticks to Snakes         Tmut           #.......     96%         2    ###....
 Sublimation of Blood     Necr           #.........   96%         2    ###....
 Swiftness                Chrm/Air       #.......     96%         2    ###....
 Throw Flame              Conj/Fire      #.....       96%         2    ###....
 Throw Frost              Conj/Ice       #.....       96%         2    ###....
 Call Canine Familiar     Summ           #.......     99%         3    ####...
 Conjure Flame            Conj/Fire      #.......     99%         3    ####...
 Dazzling Spray           Conj/Hex       #.....       99%         3    ####...
 Gell's Gravitas          Tloc           #.........   99%         3    ####...
 Ignite Poison            Fire/Tmut/Pois #.......     99%         3    ####...
 Inner Flame              Hex/Fire       #.......     99%         3    ####...
 Lesser Beckoning         Tloc           #.........   99%         3    ####...
 Mephitic Cloud           Conj/Pois/Air  #.......     99%         3    ####...
 Ozocubu's Armour         Chrm/Ice       #.......     99%         3    ####...
 Portal Projectile        Hex/Tloc       #.....       99%         3    ####...
 Recall                   Summ/Tloc      N/A          99%         3    ####...
 Regeneration             Chrm/Necr      #.........   99%         3    ####...
 Spectral Weapon          Hex/Chrm       #.......     99%         3    ####...
 Static Discharge         Conj/Air       #.......     99%         3    ####...
 Stone Arrow              Conj/Erth      #.....       99%         3    ####...
 Summon Guardian Golem    Hex/Summ       #.......     99%         3    ####...
 Teleport Other           Tloc           #.......     99%         3    ####...
 Tukima's Dance           Hex            #.......     99%         3    ####...
 Vampiric Draining        Necr           #.........   99%         3    ####...
 Airstrike                Air            #.........   100%        4    #####..
 Animate Dead             Necr           N/A          100%        4    #####..
 Cause Fear               Hex            #.........   100%        4    #####..
 Force Lance              Conj/Tloc      #.......     100%        4    #####..
 Fulminant Prism          Conj/Hex       #.........   100%        4    #####..
 Iskenderun's Mystic Bla  Conj           #.......     100%        4    #####..
 Leda's Liquefaction      Hex/Erth       #.........   100%        4    #####..
 Olgreb's Toxic Radiance  Pois           #.......     100%        4    #####..
 Passage of Golubria      Tloc           N/A          100%        4    #####..
 Petrify                  Tmut/Erth      #.......     100%        4    #####..
 Sticky Flame             Conj/Fire      #.......     100%        4    #####..
 Summon Ice Beast         Ice/Summ       #.......     100%        4    #####..
 Summon Lightning Spire   Summ/Air       #.......     100%        4    #####..
 Throw Icicle             Conj/Ice       #.......     100%        4    #####..
 Agony                    Necr           #.......     100%        5    ######.
 Alistair's Intoxication  Tmut/Pois      #.......     100%        5    ######.
 Bolt of Draining         Conj/Necr      #.........   100%        5    ######.
 Bolt of Magma            Conj/Fire/Erth #.........   100%        5    ######.
 Borgnjor's Vile Clutch   Necr/Erth      #.........   100%        5    ######.
 Dispel Undead            Necr           #.......     100%        5    ######.
 Excruciating Wounds      Chrm/Necr      #.........   100%        5    ######.
 Fireball                 Conj/Fire      #.........   100%        5    ######.
 Irradiate                Conj/Tmut      #.........   100%        5    ######.
 Lee's Rapid Deconstruct  Erth           #.........   100%        5    ######.
 Lightning Bolt           Conj/Air       #.........   100%        5    ######.
 Silence                  Hex/Air        #.........   100%        5    ######.
 Summon Forest            Summ/Tloc      #.........   100%        5    ######.
 Summon Mana Viper        Hex/Summ       #.......     100%        5    ######.
 Venom Bolt               Conj/Pois      #.........   100%        5    ######.
 Conjure Ball Lightning   Conj/Air       #.........   100%        6    #######
 Death Channel            Necr           #.........   100%        6    #######
 Deflect Missiles         Chrm/Air       #.........   100%        6    #######
 Dispersal                Tloc           #.........   100%        6    #######
 Freezing Cloud           Conj/Ice/Air   #.........   100%        6    #######
 Hydra Form               Tmut           #.........   100%        6    #######
 Invisibility             Hex            #.......     100%        6    #######
 Iron Shot                Conj/Erth      #.........   100%        6    #######
 Poison Arrow             Conj/Pois      #.........   100%        6    #######
 Simulacrum               Ice/Necr       #.........   100%        6    #######
 Statue Form              Tmut/Erth      #........    100%        6    #######
 Dragon Form              Tmut           #.........   100%        7    #######
 Malign Gateway           Summ/Tloc      #.........   100%        7    #######
 Monstrous Menagerie      Summ           #.........   100%        7    #######
 Ring of Flames           Chrm/Fire      #.........   100%        7    #######
 Spellforged Servitor     Conj/Summ      #.........   100%        7    #######
 Summon Greater Demon     Summ           #.........   100%        7    #######
 Summon Hydra             Summ           #.........   100%        7    #######
 Death's Door             Chrm/Necr      #.........   100%        8    #######
 Infestation              Necr           #.........   100%        8    #######
 Summon Horrible Things   Summ           #.........   100%        8    #######
 Dragon's Call            Summ           #.........   100%        9    #######
 Shatter                  Erth           #.........   100%        9    #######
 Tornado                  Air            #.........   100%        9    #######


Dungeon Overview and Level Annotations

Branches:
Dungeon (15/15)            Temple (1/1) D:6            Lair (6/6) D:9
 Shoals (4/4) Lair:4        Snake (4/4) Lair:3        Slime (0/5) Lair:6
    Orc (2/2) D:9             Elf (3/3) Orc:2        Vaults (5/5) D:14
  Crypt (0/3) Vaults:2     Depths (5/5) D:15            Zot (5/5) Depths:5

Altars:
Ashenzari
Cheibriados
Dithmenos
Elyvilon
Fedhas
Gozag
Hepliaklqana
Kikubaaqudgha
Makhleb
Nemelex Xobeh
Okawaru
Qazlal
Ru
Sif Muna
Trog
Uskayaw
Vehumet
Wu Jian
Xom
Yredelemnul
Zin
The Shining One
Beogh
Jiyva

Shops:
D:12 *[=(*   Orc:2 :*[(   Elf:1 (   Elf:2 %   Elf:3 *   Snake:1 **%
Vaults:5 %?%   Depths:1 ==(

Portals:
Hell: Depths:1 Depths:2 Depths:3 Depths:4 Depths:5
Abyss: Depths:4
Pandemonium: Depths:3 Depths:5

Annotations:
Elf:3 Donald
Depths:1 1 runed door


Innate Abilities, Weirdness & Mutations

You have hooves in place of feet.
You are completely covered in rugged brown scales. (AC +3, +7% HP)
A powerful demonic guardian rushes to your aid.
You regenerate a lot of health from kills.
Your magical and physical power is greatly enhanced at high health.
Your skin changes colour to match your surroundings (Stealth+).
You are resistant to hostile enchantments. (MR+)
You are somewhat resistant to further mutation.
Your system is resistant to poisons. (rPois)


Message History

Okawaru accepts your kill. Something appears before you!
Okawaru grants you armour!
The deep elf master archer shoots an arrow.
The arrow hits you but does no damage.
As you read the scroll of teleportation, it crumbles to dust.
You feel strangely unstable.
The deep elf sorcerer seems less brilliant.
The deep elf sorcerer is empowered by the deep elf high priest's aura! x2
The deep elf master archer shoots an arrow.
The arrow hits you but does no damage.
The deep elf master archer shoots an arrow.
The arrow hits you!
* * * LOW HITPOINT WARNING * * *
The deep elf sorcerer casts a spell at you.
The sphere of damnation explodes!
The damnation engulfs you!
* * * LOW HITPOINT WARNING * * *
The deep elf high priest utters a dark prayer and points at you.
Your life force is offered up.
You die...

**,,,,,,,,,,,,,,,,,,,,,
##.).,,*,,.........,,*,,
*#....,***,e........,***,
*.....#* *#.........## *#
*#.....#*#...........###.
*#.....#..e.(........#..
*#......e.....ee..e....
##..........#....e2...
*#...)@..e..#*#..)(.e..
*#..........## ##..e(...
*#...(.#...e..#*#......#.
**.....###......#......##*
**,....#*,*#...........##,*
*,,...#*,,,*#.....{...##,,,
**,..#*,,,,,*#.......#*,,,,
**.#*,,,,,,,*#.....#*,,,,,
***,,,,,,,,,**,,,**,,,,,,


You could see 2 deep elf master archers, 2 deep elf sorcerers and a deep elf
high priest.

Vanquished Creatures
  4 orbs of fire (Zot:5)
  Mennas (Depths:3)
  9 ancient liches
  A juggernaut (Depths:2)
  Boris (Depths:4)
  Xtahua (Vaults:3)
  A curse toe (Zot:2)
  3 caustic shrikes (Depths:5)
  4 Killer Klowns
  Nikola (Vaults:3)
  9 golden dragons
  7 large abominations
  2 electric golems (Zot:5)
  16 tentacled monstrosities
  8 liches
  25 Orb Guardians (Zot:5)
  A deep elf master archer (Elf:3)
  2 deep elf blademasters
  Asterion (Depths:3)
  6 quicksilver dragons
  7 death cobs
  An acid blob (Zig:7)
  Frances (Elf:1)
  A sphinx (Depths:4)
  Kirke (Lair:4)
  8 shadow dragons
  A kraken (Shoals:1)
  An ancient champion (Vaults:2)
  17 storm dragons
  Agnes (Snake:2)
  6 draconian monks
  The ghost of buskinjo the Fencer, an adept DrGl of Okawaru (Snake:2)
  An azure jelly (Zig:7)
  5 nagarajas
  4 iron dragons
  10 fire giants
  6 tengu reavers
  4 draconian scorchers
  3 ghost moths
  7 frost giants
  Louise (Elf:3)
  9 draconian knights
  3 orc warlords
  2 deep elf elementalists
  8 deep elf sorcerers
  15 vault wardens
  4 draconian stormcallers
  A juggernaut zombie (Depths:4)
  10 draconian shifters
  2 draconian annihilators
  2 balrugs
  A reaper (Depths:5)
  2 vampire knights
  9 ironheart preservers
  11 very ugly things
  6 spriggan defenders
  2 war gargoyles (Depths:3)
  A blood saint (Zig:6)
  21 stone giants
  3 entropy weavers
  3 deep elf demonologists (Elf:3)
  9 black draconians
  20 purple draconians
  12 yellow draconians
  4 spark wasps
  14 green draconians
  7 deep elf annihilators
  13 red draconians
  13 white draconians
  An ettin (shapeshifter) (Zig:4)
  2 crystal guardians (Depths:3)
  A death ooze (Zig:7)
  9 ettins
  5 jiangshi
  6 deep elf death magi
  16 yaktaur captains
  14 fire dragons
  7 merfolk impalers
  A merfolk javelineer (Shoals:3)
  8 deep elf high priests
  A great orb of eyes (shapeshifter) (Zig:4)
  2 great orbs of eyes
  25 vault guards
  Fannar (Lair:3)
  6 hydras
  6 anacondas
  4 rakshasas
  2 spriggan air magi
  A catoblepas (Shoals:4)
  9 naga warriors
  17 ice dragons
  A death knight (D:14)
  A merfolk avatar (Shoals:4)
  9 centaur warriors
  A satyr (Shoals:4)
  22 two-headed ogres
  4 merfolk aquamancers
  A two-headed ogre (shapeshifter) (Vaults:5)
  The ghost of Soubad the Covert, a journeyman OpVM of Kikubaaqudgha (Lair:1)
  39 dancing weapons
  11 ogre magi
  11 death yaks
  4 tengu warriors
  11 deep troll shamans
  A hell hog (Zig:5)
  7 vampire magi
  8 deep troll earth magi
  A small abomination (Elf:3)
  3 spriggan berserkers
  7 orc high priests
  8 shock serpents
  8 naga sharpshooters
  A sun demon (Depths:5)
  Nergalle (Orc:1)
  24 deep elf knights
  19 hell knights
  A shadow wraith (Vaults:4)
  2 salamander mystics
  A sea snake (shapeshifter) (Vaults:5)
  6 skeletal warriors
  2 flayed ghosts
  A swamp dragon (shapeshifter) (Vaults:5)
  3 iron trolls
  4 glowing orange brains
  A death drake (shapeshifter) (Vaults:5)
  3 unseen horrors
  6 naga ritualists
  30 deep trolls
  An obsidian statue (Zig:7)
  8 sea snakes
  A lindwurm (shapeshifter) (Vaults:3)
  A shadow dragon zombie (Depths:4)
  3 phantasmal warriors
  11 ironbrand convokers
  12 necromancers
  9 deep elf archers
  34 ugly things
  A tengu zombie (Depths:4)
  A lindwurm (Lair:6)
  9 mana vipers
  13 harpies
  10 orc knights
  4 fire giant zombies
  A human zombie (Vaults:1)
  A shining eye (Zig:7)
  3 wizards
  49 deep elf magi
  5 orc sorcerers
  A wolf spider (Zig:1)
  A sphinx skeleton (Vaults:2)
  A frost giant zombie (D:15)
  2 fauns
  8 salamanders
  2 oklob plants (Shoals:4)
  A glowing shapeshifter (Vaults:5)
  9 cyclopes
  14 manticores
  28 moths of wrath
  A manticore (shapeshifter) (Vaults:4)
  15 elephants (Lair:4)
  A frost giant skeleton (D:15)
  A rust devil (Depths:3)
  An ice statue (IceCv)
  25 black mambas
  2 centaur zombies
  5 water nymphs
  Psyche (D:11)
  2 molten gargoyles (Lair:6)
  6 merfolk sirens
  A guardian serpent (Snake:2)
  16 vault sentinels
  2 smoke demons
  3 gargoyles (Depths:3)
  21 naga magi
  11 spiny frogs
  An orange demon (Depths:5)
  A hellion (Zig:5)
  2 rime drakes (D:12)
  39 yaktaurs
  2 efreet
  2 komodo dragons (shapeshifter)
  6 freezing wraiths
  2 minotaur zombies (Lab)
  4 red devils (Elf:1)
  A kobold demonologist (D:14)
  An ice devil (Depths:3)
  9 komodo dragons
  4 tengu conjurers
  A harpy zombie (D:11)
  27 merfolk
  2 jumping spiders
  A shadow dragon simulacrum (Depths:4)
  3 meliai (D:15)
  6 trolls
  A wind drake (shapeshifter) (Depths:1)
  3 wind drakes
  6 hornets
  14 polar bears
  Grinder (D:4)
  9 hippogriffs
  10 blink frogs
  A blink frog (shapeshifter) (Vaults:4)
  20 slime creatures
  5 snapping turtles
  A dream sheep (Shoals:3)
  2 ettin skeletons
  A snapping turtle (shapeshifter) (Vaults:5)
  3 spriggans
  2 redbacks (shapeshifter)
  A vampire (D:15)
  6 fire elementals
  4 wraiths
  3 wyverns
  17 water elementals
  26 yaks
  5 redbacks
  8 air elementals
  A tarantella (Vaults:4)
  2 hogs (Lair:4)
  A steam dragon (Lair:6)
  A chaos spawn (Depths:3)
  4 basilisks
  A human simulacrum (Vaults:1)
  3 hungry ghosts
  6 vampire mosquitoes
  3 wargs
  3 acid dragons
  32 nagas
  4 hell hounds
  A deep troll skeleton (Vaults:2)
  A floating eye (shapeshifter) (Vaults:5)
  4 floating eyes
  Duvessa (D:7)
  7 porcupines
  A black bear (D:8)
  An ice beast (shapeshifter) (D:15)
  12 water moccasins
  48 orc warriors
  3 phantoms
  A sky beast (D:11)
  3 ice beasts
  A necrophage (D:8)
  A boggart (Vaults:3)
  15 centaurs
  A human skeleton (Vaults:2)
  38 ogres
  11 crocodiles
  22 wolves
  An orc skeleton (Vaults:1)
  2 big kobolds (D:14)
  2 elf zombies (Elf:1)
  12 bullfrogs
  4 earth elementals
  A gnoll sergeant (D:13)
  A deep troll simulacrum (Vaults:1)
  A wyvern skeleton (D:14)
  2 scorpions
  Dowan (D:7)
  A killer bee (shapeshifter) (Vaults:4)
  16 killer bees
  7 howler monkeys
  5 wights
  3 electric eels (D:14)
  5 lava snakes (Lair:6)
  9 crimson imps
  3 bullfrog zombies
  3 hounds
  7 jellies
  Crazy Yiuf (D:5)
  5 bullfrog skeletons
  37 orc wizards
  2 quasits
  35 orc priests
  3 centaur skeletons
  2 iguanas
  Ijyb (D:5)
  13 worker ants
  3 hound zombies
  2 hound skeletons
  A worker ant zombie (D:11)
  A howler monkey skeleton (D:11)
  7 gnolls
  8 adders
  3 shadow imps
  An ooze (D:1)
  2 adder zombies (D:5)
  3 adder skeletons
  A worm (D:4)
  A dart slug (D:1)
  3 leopard geckos
  116 orcs
  3 ball pythons
  5 bats
  3 giant cockroaches
  5 goblins
  9 hobgoblins
  3 quokkas
  2 frilled lizards (D:1)
  A jackal skeleton (D:8)
  10 kobolds
  A quokka zombie (D:6)
  2 rats
  3 crawling corpses
  13 fungi
  16 plants
  3 tentacles (Shoals:1)
2075 creatures vanquished.

Vanquished Creatures (collateral kills)
  2 ancient liches
  An orb of fire (Zot:5)
  Jory (Vaults:4)
  Rupert (Lair:3)
  2 liches
  A tentacled monstrosity (Depths:4)
  Gastronok (Lair:3)
  An acid blob (Zig:7)
  3 sphinxes
  A death cob (Zot:3)
  A shadow dragon (Vaults:5)
  2 storm dragons
  2 nagarajas (Snake:4)
  3 frost giants
  2 fire giants
  2 vault wardens
  A deep elf elementalist (Vaults:5)
  2 draconian shifters
  A spriggan defender (Depths:5)
  2 ironheart preservers (Vaults:5)
  3 stone giants
  Nessos (D:12)
  A black draconian (Zot:5)
  A purple draconian (Zot:5)
  A red draconian (Zot:5)
  2 minotaurs
  A yellow draconian (Zot:5)
  3 white draconians
  A dire elephant (Lair:4)
  A spark wasp (Depths:4)
  A yaktaur captain (Vaults:4)
  3 merfolk javelineers (Shoals:4)
  A deep elf death mage (Vaults:5)
  4 merfolk impalers
  3 slime creatures
  2 deep elf high priests (Vaults:5)
  2 ettins
  A hydra (Lair:6)
  2 great orbs of eyes
  A naga warrior (Snake:4)
  The ghost of Tenar the Thaumaturge, a journeyman DEIE of Vehumet (D:15)
  5 vault guards
  A large abomination (Depths:2)
  The ghost of Harpaggios the Martial Artist, a journeyman GnTm of Yredelemnul (D:10)
  An anaconda (Snake:3)
  2 merfolk avatars (Shoals:3)
  2 death yaks
  5 centaur warriors
  3 ogre magi
  2 merfolk aquamancers (Shoals:4)
  2 deep troll shamans
  13 two-headed ogres
  A tengu warrior (Depths:1)
  A death yak (shapeshifter) (Vaults:5)
  An orc high priest (Orc:2)
  A vampire mage (D:15)
  3 deep troll earth magi
  5 naga sharpshooters
  Urug (D:11)
  A spriggan berserker (Depths:5)
  2 deep elf knights (Vaults:3)
  4 hell knights
  A spark wasp zombie (D:15)
  A skeletal warrior (D:13)
  8 deep trolls
  2 ironbrand convokers
  A deep elf archer (Vaults:3)
  A lindwurm (shapeshifter) (Depths:4)
  2 harpies
  An orc knight (Orc:2)
  2 orc sorcerers (Orc:2)
  11 ugly things
  A mana viper (Snake:3)
  3 manticores
  A salamander (Depths:3)
  2 cyclopes
  3 fauns (Shoals:1)
  A moth of wrath (Zot:5)
  5 black mambas
  2 merfolk sirens
  An elephant (Lair:4)
  2 vault sentinels (Vaults:5)
  A torpor snail (Lair:5)
  2 naga magi (Snake:4)
  A molten gargoyle (Lair:6)
  2 komodo dragons (D:15)
  2 yaktaurs (Depths:2)
  A kobold demonologist (D:14)
  5 polar bears (IceCv)
  A polar bear (shapeshifter) (D:15)
  A queen bee (D:10)
  A blink frog (Lair:6)
  3 merfolk
  2 hippogriffs (D:9)
  4 dream sheep
  4 redbacks (Vaults:5)
  A vampire (D:15)
  3 water elementals
  34 yaks
  4 wraiths (D:14)
  A basilisk (D:14)
  A hog (Lair:4)
  A steam dragon (Lair:6)
  2 vampire mosquitoes (D:14)
  8 nagas
  An acid dragon (D:13)
  A water moccasin (Lair:3)
  2 orc warriors (Orc:2)
  A black bear (D:9)
  2 eyes of draining
  A phantom (D:11)
  3 ogres
  5 centaurs
  A crocodile (D:12)
  5 wolves (IceCv)
  4 bullfrogs
  7 killer bees (D:10)
  2 wights (D:7)
  2 orc priests (Orc:2)
  9 orcs
  A kobold (D:14)
308 creatures vanquished.

Vanquished Creatures (others)
  Ilsuiw (Shoals:4)
  A shadow dragon (Zot:1)
  2 draconian knights
  A stone giant (Depths:2)
  A merfolk javelineer (Shoals:4)
  A satyr (Shoals:4)
  2 deep elf magi (Zig:8)
  A cyclops (Vaults:2)
  A naga mage (Snake:4)
  A polar bear (IceCv)
  A water elemental (Shoals:4)
  A wraith (Vaults:2)
  A fire bat (Zig:5)
  A hell hound (Lair:6)
  A sky beast (D:11)
  A wolf (IceCv)
  A lightning spire (Zig:8)
  2 ball lightnings (Zot:5)
  2 orcs
  44 fungi
  27 plants
  2 tentacles (Shoals:1)
  2 withered plants (D:15)
98 creatures vanquished.

Grand Total: 2481 creatures vanquished

Notes
Turn   | Place    | Note
-------+----------+-------------------------------------------
     0 | D:1      | Kay the Demonspawn Monk began the quest for the Orb.
     0 | D:1      | Reached XP level 1. HP: 18/18 MP: 1/1
   213 | D:1      | Gained mutation: You regenerate a little health from kills.
                  | [demonic ancestry]
   213 | D:1      | Reached XP level 2. HP: 24/24 MP: 2/2
   686 | D:2      | Found a stormy altar of Qazlal.
   739 | D:2      | Gained mutation: You regenerate health from kills. [demonic
                  | ancestry]
   739 | D:2      | Reached XP level 3. HP: 29/29 MP: 3/3
   842 | D:2      | Found a sacrificial altar of Ru.
  1098 | D:3      | Found a glowing golden altar of the Shining One.
  1250 | D:3      | Found a hazy altar of Hepliaklqana.
  1529 | D:4      | Gained mutation: A weak demonic guardian rushes to your
                  | aid. [demonic ancestry]
  1529 | D:4      | Reached XP level 4. HP: 36/36 MP: 4/4
  1646 | D:4      | Noticed an ogre
  1653 | D:4      | Killed an ogre
  1653 | D:4      | Reached skill level 1 in Armour
  1653 | D:4      | Gained mutation: A demonic guardian rushes to your aid.
                  | [demonic ancestry]
  1653 | D:4      | Reached XP level 5. HP: 23/42 MP: 5/5
  1921 | D:4      | Got a steaming plate armour
  1927 | D:4      | Identified the +3 plate armour of Tenacity {Int-3 Dex+3
                  | SInv} (You found it on level 4 of the Dungeon)
  1931 | D:4      | Found a shimmering altar of Xom.
  1978 | D:4      | Noticed Grinder
  1986 | D:4      | Killed Grinder
  1986 | D:4      | Reached skill level 5 in Axes
  1986 | D:4      | Reached XP level 6. HP: 43/48 MP: 6/6
  2350 | D:5      | Entered Level 5 of the Dungeon
  2572 | D:5      | Reached skill level 1 in Shields
  2572 | D:5      | Reached XP level 7. HP: 16/53 MP: 7/7
  2995 | D:5      | Reached skill level 4 in Fighting
  3492 | D:5      | Noticed Ijyb
  3497 | D:5      | Killed Ijyb
  3513 | D:5      | Got a distressingly furry scale mail
  3514 | D:5      | Identified the cursed +1 scale mail of Vacoceir {rC+ MR+}
                  | (You found it on level 5 of the Dungeon)
  3522 | D:5      | Found a runed door.
  3529 | D:5      | Noticed Crazy Yiuf
  3533 | D:5      | Killed Crazy Yiuf
  3775 | D:6      | Reached XP level 8. HP: 61/61 MP: 8/8
  3948 | D:6      | Found a blossoming altar of Fedhas.
  4154 | D:6      | Found a staircase to the Ecumenical Temple.
  4172 | Temple   | Entered the Ecumenical Temple
  4874 | D:7      | Found an iron altar of Okawaru.
  5193 | D:7      | Noticed Dowan
  5202 | D:7      | Noticed Duvessa
  5205 | D:7      | Killed Dowan
  5219 | D:7      | Killed Duvessa
  5219 | D:7      | Reached skill level 5 in Fighting
  5219 | D:7      | Reached skill level 5 in Armour
  5651 | D:7      | Found a shimmering altar of Xom.
  5676 | D:8      | Reached XP level 9. HP: 65/68 MP: 9/9
  5763 | D:7      | Became a worshipper of Warmaster Okawaru
  5763 | D:7      | Reached * piety under Okawaru
  5763 | D:7      | Reached ** piety under Okawaru
  5917 | D:7      | Found a bloodstained altar of Trog.
  6455 | D:8      | Found a snail-covered altar of Cheibriados.
  6500 | D:8      | Found a deep blue altar of Sif Muna.
  6599 | D:9      | Found a staircase to the Lair.
  6638 | D:9      | Reached skill level 5 in Shields
  6797 | D:9      | Found a staircase to the Orcish Mines.
  6797 | D:9      | Noticed a centaur warrior
  6806 | D:9      | Killed a centaur warrior
  6806 | D:9      | Reached *** piety under Okawaru
  6948 | D:9      | Gained mutation: You are partially covered in rugged brown
                  | scales. (AC +1, +3% HP) [demonic ancestry]
  6948 | D:9      | Reached XP level 10. HP: 49/78 MP: 10/10
  6976 | D:9      | Reached **** piety under Okawaru
  7145 | D:9      | Reached skill level 6 in Fighting
  7340 | D:9      | Found a basalt altar of Yredelemnul.
  7376 | D:10     | Entered Level 10 of the Dungeon
  7376 | D:10     | Noticed a two-headed ogre
  7525 | D:10     | Killed a two-headed ogre
  7583 | D:10     | Reached ***** piety under Okawaru
  7675 | D:10     | Received a gift from Okawaru
  7675 | D:10     | Reached skill level 10 in Axes
  7678 | D:10     | Got a polished double sword {god gift}
  7679 | D:10     | Identified the +2 double sword of Naget {elec, MR+}
                  | (Okawaru gifted it to you on level 10 of the Dungeon)
  8182 | D:10     | Noticed an unseen horror
  8193 | D:10     | Killed an unseen horror
  8364 | D:10     | Found a runed gate.
  8380 | D:10     | Found a runed gate.
  8380 | D:10     | Found a runed gate.
  8381 | D:10     | Noticed Harpaggios's ghost (journeyman GnTm)
  8397 | D:10     | Killed Harpaggios's ghost
  8430 | D:11     | Gained mutation: You are mostly covered in rugged brown
                  | scales. (AC +2, +5% HP) [demonic ancestry]
  8430 | D:11     | Reached XP level 11. HP: 79/87 MP: 11/11
  8604 | D:11     | Reached skill level 7 in Fighting
  8736 | D:11     | Received a gift from Okawaru
  8742 | D:11     | Reached ****** piety under Okawaru
  9050 | D:11     | Noticed Psyche
  9457 | D:11     | Noticed Urug
  9474 | D:11     | Killed Urug
  9717 | D:11     | Killed Psyche
  9913 | D:12     | Found Plog's Weapon Boutique.
  9925 | D:12     | Found Ynlery's Jewellery Boutique.
  9959 | D:12     | Bought the cursed ring of Departure {rPois rC+ Str-3 Int-5
                  | Stlth+} for 126 gold pieces
  9977 | D:12     | Noticed Nessos
 10002 | D:12     | Killed Nessos
 10158 | D:12     | Found a frozen archway.
 10166 | IceCv    | Entered an ice cave
 10204 | IceCv    | Reached skill level 8 in Fighting
 10209 | IceCv    | Received a gift from Okawaru
 10330 | IceCv    | Reached XP level 12. HP: 97/97 MP: 12/12
 10809 | IceCv    | Noticed a frost giant
 10844 | IceCv    | Killed a frost giant
 10871 | IceCv    | Received a gift from Okawaru
 11011 | D:12     | Found Sisupiomn's Assorted Antiques.
 11016 | D:12     | Bought a fuming purple potion for 21 gold pieces
 11016 | D:12     | Bought a scroll labeled MEICACVETU for 24 gold pieces
 11016 | D:12     | Bought a shiny tourmaline ring for 120 gold pieces
 11016 | D:12     | Bought a white potion for 21 gold pieces
 11016 | D:12     | Bought a paperback book for 360 gold pieces
 11085 | D:12     | Found Imehor's Armour Shoppe.
 11539 | D:12     | Found Keskaabb's General Store.
 11542 | D:12     | Bought a scroll of enchant armour for 127 gold pieces
 11542 | D:12     | Bought a potion of degeneration for 17 gold pieces
 11564 | D:13     | Found a labyrinth entrance.
 11569 | Lab      | Entered a labyrinth
 11887 | Lab      | Noticed a minotaur
 11902 | Lab      | Gained mutation: You expend magic power (3 MP) to
                  | strengthen your wands. [potion of mutation]
 11902 | Lab      | Gained mutation: You evolve. [potion of mutation]
 11910 | Lab      | Killed a minotaur
 11923 | Lab      | Identified the Grimoire of Venom and the Voyage
 11935 | Lab      | Identified the +5 scale mail of Nubeiw {rElec rCorr Dex-4
                  | SInv} (You found it in a labyrinth)
 11936 | Lab      | Identified the +8 scale mail of the Valley {MP+9 Int+3}
                  | (You found it in a labyrinth)
 12350 | D:13     | Noticed a seven-headed hydra
 12354 | D:13     | Killed a seven-headed hydra
 12354 | D:13     | Received a gift from Okawaru
 12354 | D:13     | Reached skill level 9 in Fighting
 12397 | D:13     | Noticed a two-headed ogre
 12403 | D:13     | Killed a two-headed ogre
 12570 | D:13     | Noticed a two-headed ogre
 12575 | D:13     | Killed a two-headed ogre
 12604 | D:13     | Received a gift from Okawaru
 12684 | D:13     | Gained mutation: You have large cloven feet. [demonic
                  | ancestry]
 12684 | D:13     | Reached XP level 13. HP: 105/106 MP: 13/13
 13314 | D:14     | Reached skill level 10 in Armour
 13370 | D:14     | Reached skill level 10 in Shields
 13397 | D:14     | Reached skill level 1 in Evocations
 13520 | D:14     | Reached skill level 10 in Fighting
 13523 | D:14     | Received a gift from Okawaru
 14061 | D:14     | Found a gate to the Vaults.
 14090 | D:14     | Received a gift from Okawaru
 14501 | D:14     | Gained mutation: Your skin changes colour to match your
                  | surroundings (Stealth+). [evolution]
 14734 | D:15     | Entered Level 15 of the Dungeon
 14942 | D:15     | Reached XP level 14. HP: 67/116 MP: 15/15
 15048 | D:15     | Found a staircase to the Depths.
 15314 | D:15     | Received a gift from Okawaru
 15323 | D:15     | Identified a scroll of acquirement
 15326 | D:15     | Got a twitching iron amulet
 15327 | D:15     | Identified the amulet "Goomniw" {Spirit rF+} (You acquired
                  | it on level 15 of the Dungeon)
 15461 | D:15     | Got a crude broad axe
 15462 | D:15     | Identified the +9 broad axe of Chagrin {chop, rPois rC+
                  | Stlth+} (You found it on level 15 of the Dungeon)
 15818 | D:15     | Noticed Tenar's ghost (journeyman DEIE)
 15911 | D:15     | Found a runed gate.
 15911 | D:15     | Found a runed gate.
 15911 | D:15     | Found a runed gate.
 15955 | D:15     | Reached skill level 1 in Invocations
 15975 | D:15     | Killed Tenar's ghost
 16317 | Orc:1    | Entered Level 1 of the Orcish Mines
 16431 | Orc:2    | Entered Level 2 of the Orcish Mines
 16503 | Orc:1    | Noticed Nergalle
 16516 | Orc:1    | Killed Nergalle
 16633 | Orc:1    | Found Vihiary's Armour Shop.
 16846 | Orc:1    | Found a roughly hewn altar of Beogh.
 17288 | Orc:2    | Noticed an orc warlord
 17308 | Orc:2    | Killed an orc warlord
 17308 | Orc:2    | Reached skill level 11 in Fighting
 17380 | Orc:2    | Gained mutation: You are agile. (Dex +2) [evolution]
 17382 | Orc:2    | Found a staircase to the Elven Halls.
 17741 | Orc:2    | Noticed an orc warlord
 17757 | Orc:2    | Killed an orc warlord
 17757 | Orc:2    | Received a gift from Okawaru
 17785 | Orc:2    | Got a heavily runed hat {god gift}
 17791 | Orc:2    | Identified the +1 hat of Qafo {rF++ Str+2} (Okawaru gifted
                  | it to you on level 2 of the Orcish Mines)
 18091 | Orc:2    | Found Sofyodefu's Antique Armour Boutique.
 18092 | Orc:2    | Found Heazuc's Antique Weapon Shop.
 18094 | Orc:2    | Found Erevew's General Store.
 18094 | Orc:2    | Found Coybruv's Book Boutique.
 18099 | Orc:2    | Bought an ancient buckler for 199 gold pieces
 18111 | Orc:2    | Identified the +2 buckler of Shielding {*Contam Str+5} (You
                  | bought it in a shop on level 2 of the Orcish Mines)
 18112 | Orc:2    | Bought a pair of glowing boots for 157 gold pieces
 18117 | Orc:2    | Identified a +1 pair of boots of running (You bought it in
                  | a shop on level 2 of the Orcish Mines)
 18118 | Orc:2    | Bought a jewelled flail for 263 gold pieces
 18119 | Orc:2    | Identified the +8 flail of Desperation {flame, +Fly} (You
                  | bought it in a shop on level 2 of the Orcish Mines)
 18130 | Orc:2    | Bought a potion of curing for 42 gold pieces
 18130 | Orc:2    | Bought a scroll of teleportation for 42 gold pieces
 18130 | Orc:2    | Bought a potion of heal wounds for 70 gold pieces
 18130 | Orc:2    | Bought a scroll of enchant armour for 105 gold pieces
 18130 | Orc:2    | Bought a scroll of teleportation for 42 gold pieces
 18130 | Orc:2    | Bought a scroll of identify for 28 gold pieces
 18302 | Orc:2    | Found a roughly hewn altar of Beogh.
 18481 | Lair:1   | Entered Level 1 of the Lair of Beasts
 18625 | Lair:1   | Found a runed door.
 18625 | Lair:1   | Noticed Soubad's ghost (journeyman OpVM)
 18643 | Lair:1   | Killed Soubad's ghost
 18740 | Lair:1   | Reached XP level 15. HP: 124/124 MP: 16/18
 19983 | Lair:3   | Reached skill level 5 in Invocations
 20015 | Lair:3   | Noticed Gastronok
 20026 | Lair:3   | Killed Gastronok
 20138 | Lair:3   | Found a staircase to the Snake Pit.
 20149 | Lair:3   | Noticed Fannar
 20159 | Lair:3   | Killed Fannar
 20185 | Lair:3   | Noticed Rupert
 20202 | Lair:3   | Killed Rupert
 20217 | Lair:3   | Reached skill level 5 in Evocations
 20628 | Lair:4   | Noticed Kirke
 20646 | Lair:4   | Killed Kirke
 20820 | Lair:4   | Got a pair of distressingly furry boots
 20834 | Lair:4   | Received a gift from Okawaru
 20959 | Lair:4   | Found a staircase to the Shoals.
 21201 | Lair:4   | Reached skill level 12 in Fighting
 21557 | Lair:4   | Received a gift from Okawaru
 21704 | Lair:5   | Identified the cursed -5 pair of boots of the Pirate {MP+9
                  | Str+5} (You found it on level 4 of the Lair of Beasts)
 22654 | Lair:6   | Entered Level 6 of the Lair of Beasts
 22712 | Lair:6   | Identified the cursed +1 plate armour of Words of Power
                  | {+Inv rF+ MR-} (You found it on level 6 of the Lair of
                  | Beasts)
 22728 | Lair:6   | Reached skill level 1 in Bows
 22817 | Lair:6   | Found a viscous altar of Jiyva.
 22817 | Lair:6   | Found a staircase to the Slime Pits.
 23042 | Lair:6   | Received a gift from Okawaru
 23099 | Lair:6   | Reached skill level 5 in Dodging
 23151 | Lair:6   | Gained mutation: Your magical and physical power is
                  | slightly enhanced at high health. [demonic ancestry]
 23151 | Lair:6   | Reached XP level 16. HP: 127/135 MP: 18/20
 23373 | Lair:6   | Found a large runed door.
 23374 | Lair:6   | Found a large runed door.
 23978 | Snake:1  | Entered Level 1 of the Snake Pit
 24668 | Snake:1  | Found Vemapneo's General Store.
 24668 | Snake:1  | Found Meiru's General Store.
 24672 | Snake:1  | Found Jeujakop's Food Boutique.
 24676 | Snake:1  | Bought a scroll of blinking for 150 gold pieces
 24689 | Snake:1  | Bought a scroll of enchant armour for 120 gold pieces
 25089 | Snake:2  | Reached skill level 13 in Fighting
 25135 | Snake:2  | Noticed Agnes
 25144 | Snake:2  | Killed Agnes
 25356 | Snake:2  | Found a runed door.
 25363 | Snake:2  | Noticed buskinjo's ghost (adept DrGl)
 25497 | Snake:2  | Killed buskinjo's ghost
 25497 | Snake:2  | Received a gift from Okawaru
 25726 | Snake:2  | Gained mutation: You are resistant to electric shocks.
                  | (rElec) [evolution]
 26183 | Snake:3  | Identified Sif Muna's Handbook of Supportive Transformation
 26943 | Snake:4  | Entered Level 4 of the Snake Pit
 27297 | Snake:4  | Received a gift from Okawaru
 27606 | Snake:4  | Reached XP level 17. HP: 94/144 MP: 12/21
 27614 | Snake:4  | Received a gift from Okawaru
 27614 | Snake:4  | Reached skill level 15 in Armour
 27619 | Snake:4  | Reached skill level 14 in Fighting
 27835 | Snake:4  | Got a crude longbow {god gift}
 27836 | Snake:4  | Identified the +9 longbow "Zoom" {venom, Int+6} (Okawaru
                  | gifted it to you on level 4 of the Snake Pit)
 28009 | Snake:4  | Got a serpentine rune of Zot
 28187 | Snake:4  | Reached skill level 5 in Bows
 29079 | Shoals:1 | Entered Level 1 of the Shoals
 29099 | Shoals:1 | Received a gift from Okawaru
 29445 | Shoals:1 | Noticed a kraken
 29461 | Shoals:1 | Killed a kraken
 31162 | Shoals:4 | Entered Level 4 of the Shoals
 31163 | Shoals:4 | Noticed Ilsuiw
 31201 | Shoals:4 | Killed Ilsuiw
 31314 | Shoals:4 | Received a gift from Okawaru
 31340 | Shoals:4 | Reached skill level 15 in Fighting
 31862 | Shoals:4 | Identified the +0 pair of gloves of Wonder {rF- rC+ MR+
                  | Dex+3} (Okawaru gifted it to you on level 4 of the Shoals)
 31930 | Shoals:4 | Got a barnacled rune of Zot
 31967 | Shoals:4 | Gained mutation: You have hoof-like feet. [demonic
                  | ancestry]
 31967 | Shoals:4 | Reached XP level 18. HP: 154/156 MP: 23/23
 33013 | Shoals:4 | Gained mutation: You are frail. (-10% HP) [evolution]
 33030 | Shoals:4 | Identified the Incunabulum of Harmful Translocation
 33234 | Shoals:4 | Identified the +1 halberd "Huggitic" {holy, +Rage MP+9}
                  | (You found it on level 4 of the Shoals)
 33564 | Vaults:1 | Entered Level 1 of the Vaults
 33913 | Vaults:1 | Received a gift from Okawaru
 33958 | Vaults:1 | Noticed a tentacled monstrosity
 33998 | Vaults:1 | Killed a tentacled monstrosity
 34216 | Vaults:1 | Received a gift from Okawaru
 34359 | Vaults:1 | Reached skill level 16 in Fighting
 34638 | Vaults:1 | Identified the Disquisition on Twisted Attacks
 35215 | Vaults:2 | Gained mutation: A powerful demonic guardian rushes to your
                  | aid. [demonic ancestry]
 35215 | Vaults:2 | Reached XP level 19. HP: 141/149 MP: 24/24
 35321 | Vaults:2 | Received a gift from Okawaru
 35480 | Vaults:2 | You fall through a shaft!
 35997 | Vaults:2 | Found a staircase to the Crypt.
 36173 | Vaults:2 | Lost mutation: You are frail. (-10% HP) [evolution]
 36173 | Vaults:2 | Lost mutation: You evolve. [end of evolution]
 36599 | Vaults:3 | Noticed Nikola
 36614 | Vaults:3 | Killed Nikola
 36751 | Vaults:3 | Received a gift from Okawaru
 36752 | Vaults:3 | Reached skill level 15 in Axes
 36864 | Vaults:3 | Noticed Xtahua
 36873 | Vaults:3 | Killed Xtahua
 37492 | Vaults:4 | Received a gift from Okawaru
 37559 | Vaults:4 | Noticed Jory
 37580 | Vaults:4 | Killed Jory
 37967 | Vaults:4 | Reached XP level 20. HP: 163/175 MP: 25/25
 38209 | Vaults:4 | Reached skill level 10 in Dodging
 38624 | Vaults:4 | Reached skill level 17 in Fighting
 38692 | Vaults:4 | Paralysed by a hornet for 2 turns
 39045 | Vaults:5 | Entered Level 5 of the Vaults
 39065 | Vaults:5 | Received a gift from Okawaru
 39137 | Vaults:5 | Got a silver rune of Zot
 39171 | Vaults:5 | Received a gift from Okawaru
 39640 | Vaults:5 | Got a twitching jade ring
 39641 | Vaults:5 | Identified the ring of the Establishment {-Tele MR+ Str+8
                  | Stlth+} (You found it on level 5 of the Vaults)
 39847 | Vaults:5 | Received a gift from Okawaru
 39886 | Vaults:5 | Reached skill level 10 in Bows
 39907 | Vaults:5 | Gained mutation: You are completely covered in rugged brown
                  | scales. (AC +3, +7% HP) [demonic ancestry]
 39907 | Vaults:5 | Reached XP level 21. HP: 164/187 MP: 17/26
 40208 | Vaults:5 | Identified the Collected Works on Poison and the Glacier
 40565 | Vaults:5 | Found Tadumelu's Magic Scroll Shoppe.
 40586 | Vaults:5 | Bought a scroll of identify for 38 gold pieces
 40586 | Vaults:5 | Bought a scroll of identify for 38 gold pieces
 40586 | Vaults:5 | Bought a scroll of identify for 38 gold pieces
 40586 | Vaults:5 | Bought a scroll of enchant armour for 142 gold pieces
 40586 | Vaults:5 | Bought a scroll of teleportation for 57 gold pieces
 40586 | Vaults:5 | Bought a scroll of teleportation for 57 gold pieces
 40586 | Vaults:5 | Bought a scroll of fog for 38 gold pieces
 40595 | Vaults:5 | Found Biufub's Food Boutique.
 40595 | Vaults:5 | Noticed a golden dragon
 40604 | Vaults:5 | Killed a golden dragon
 40604 | Vaults:5 | Received a gift from Okawaru
 40654 | Vaults:5 | Found Ydghut's Food Emporium.
 40969 | Vaults:5 | Identified the +9 executioner's axe of the Unliving {venom,
                  | Fragile rElec Str+3} (You found it on level 5 of the
                  | Vaults)
 41249 | Depths:1 | Entered Level 1 of the Depths
 41301 | Depths:1 | Found a runed door.
 41629 | Depths:1 | Found Tun Sumn's Weapon Shoppe.
 41674 | Depths:1 | Found a gateway to Hell.
 41770 | Depths:1 | Found Leastreh's Jewellery Emporium.
 41771 | Depths:1 | Found Curunyt's Jewellery Shoppe.
 41877 | Depths:1 | Received a gift from Okawaru
 42747 | Depths:2 | Paralysed by a floating eye for 3 turns
 42774 | Depths:2 | Reached skill level 18 in Fighting
 42817 | Depths:2 | Noticed a juggernaut
 42832 | Depths:2 | Killed a juggernaut
 42832 | Depths:2 | Gained mutation: Your magical and physical power is
                  | enhanced at high health. [demonic ancestry]
 42832 | Depths:2 | Reached XP level 22. HP: 196/196 MP: 27/27
 42972 | Depths:2 | Received a gift from Okawaru
 43043 | Depths:2 | Received a gift from Okawaru
 43057 | Depths:2 | Paralysed by a floating eye for 2 turns
 43202 | Depths:3 | Found a portal to a secret trove of treasure.
 43233 | Depths:3 | Noticed Mennas
 43281 | Depths:3 | Killed Mennas
 43800 | Depths:3 | Found a one-way gate leading to the halls of Pandemonium.
 43918 | Depths:4 | Found a gateway to a ziggurat.
 43918 | Depths:4 | Noticed an ancient lich
 43918 | Depths:4 | Noticed an ancient lich
 43918 | Depths:4 | Noticed an ancient lich
 44284 | Depths:4 | Received a gift from Okawaru
 44448 | Depths:4 | Received a gift from Okawaru
 44533 | Depths:4 | Received a gift from Okawaru
 44675 | Depths:4 | Noticed a golden dragon
 44690 | Depths:4 | Killed a golden dragon
 44706 | Depths:4 | Reached skill level 19 in Fighting
 44715 | Depths:4 | Reached XP level 23. HP: 175/207 MP: 28/28
 44976 | Depths:4 | Found a one-way gate to the infinite horrors of the Abyss.
 44997 | Depths:4 | Found a glowing golden altar of the Shining One.
 45117 | Depths:4 | Noticed Boris
 45128 | Depths:4 | Killed Boris
 45443 | Depths:3 | Noticed Asterion
 45460 | Depths:3 | Killed Asterion
 45533 | Depths:3 | Received a gift from Okawaru
 45577 | Depths:3 | Noticed an ancient lich
 45586 | Depths:3 | Killed an ancient lich
 45586 | Depths:3 | Received a gift from Okawaru
 46021 | Depths:4 | Killed an ancient lich
 46022 | Depths:4 | Killed an ancient lich
 46026 | Depths:4 | Killed an ancient lich
 46026 | Depths:4 | Received a gift from Okawaru
 46036 | Zig:1    | Entered Level 1 of a ziggurat
 46056 | Zig:2    | Entered Level 2 of a ziggurat
 46079 | Zig:3    | Entered Level 3 of a ziggurat
 46110 | Zig:4    | Entered Level 4 of a ziggurat
 46150 | Zig:5    | Entered Level 5 of a ziggurat
 46203 | Zig:5    | Found the +8 orange crystal plate armour {Archmagi, Int+3
                  | Clar}
 46229 | Zig:6    | Entered Level 6 of a ziggurat
 46277 | Zig:6    | Identified the +7 morningstar of Huqaps {speed, Str+4
                  | Dex+3} (You found it on level 6 of a ziggurat)
 46285 | Zig:7    | Entered Level 7 of a ziggurat
 46300 | Zig:7    | Received a gift from Okawaru
 46329 | Zig:7    | Gained mutation: You have hooves in place of feet. [demonic
                  | ancestry]
 46329 | Zig:7    | Reached XP level 24. HP: 217/217 MP: 28/28
 46340 | Zig:8    | Entered Level 8 of a ziggurat
 46363 | Zig:8    | Received a gift from Okawaru
 46412 | Zig:9    | Entered Level 9 of a ziggurat
 46494 | Zig:9    | Got a sparkling jade ring
 46495 | Zig:9    | Identified the ring of Free Expression {rCorr *Corrode MP+9
                  | Str+3} (You found it on level 9 of a ziggurat)
 47342 | Depths:5 | Entered Level 5 of the Depths
 47380 | Depths:5 | Reached skill level 20 in Fighting
 47381 | Depths:5 | Reached XP level 25. HP: 211/224 MP: 28/28
 47551 | Depths:5 | Received a gift from Okawaru
 47710 | Depths:5 | Found a gate to the Realm of Zot.
 47862 | Zot:1    | Entered Level 1 of the Realm of Zot
 48308 | Zot:1    | Received a gift from Okawaru
 48395 | Zot:1    | Received a gift from Okawaru
 48948 | Zot:2    | Received a gift from Okawaru
 49562 | Zot:2    | Reached skill level 21 in Fighting
 49565 | Zot:2    | Gained mutation: Your magical and physical power is greatly
                  | enhanced at high health. [demonic ancestry]
 49565 | Zot:2    | Reached XP level 26. HP: 232/237 MP: 28/28
 49776 | Zot:2    | Received a gift from Okawaru
 50026 | Zot:3    | Received a gift from Okawaru
 50297 | Zot:3    | Received a gift from Okawaru
 50379 | Zot:3    | Received a gift from Okawaru
 50510 | Zot:3    | Received a gift from Okawaru
 51046 | Zot:4    | Received a gift from Okawaru
 51073 | Zot:4    | Reached skill level 5 in Throwing
 51338 | Zot:4    | Reached skill level 15 in Dodging
 52022 | Zot:5    | Entered Level 5 of the Realm of Zot
 52377 | Zot:5    | Reached skill level 22 in Fighting
 52452 | Zot:5    | Noticed an ancient lich
 52454 | Zot:5    | Noticed an ancient lich
 52462 | Zot:5    | Killed an ancient lich
 52479 | Zot:5    | Gained mutation: You regenerate a lot of health from kills.
                  | [demonic ancestry]
 52479 | Zot:5    | Reached XP level 27. HP: 220/247 MP: 12/28
 52493 | Zot:5    | Received a gift from Okawaru
 52515 | Zot:5    | Killed an ancient lich
 52515 | Zot:5    | Noticed an ancient lich
 52527 | Zot:5    | Killed an ancient lich
 52545 | Zot:5    | Noticed an orb of fire
 52560 | Zot:5    | Gained mutation: Scrolls take you a little longer to read.
                  | [an orb of fire]
 52563 | Zot:5    | Killed an orb of fire
 52587 | Zot:5    | Received a gift from Okawaru
 52592 | Zot:5    | Identified the +6 chain mail of Livuc {Dex+2} (Okawaru
                  | gifted it to you on level 5 of the Realm of Zot)
 52666 | Zot:5    | Identified the +1 hand axe of Melee {elec, Dex+2} (Okawaru
                  | gifted it to you on level 5 of the Realm of Zot)
 52805 | Zot:5    | Noticed an ancient lich
 52817 | Zot:5    | Killed an ancient lich
 52827 | Zot:5    | Noticed an orb of fire
 52832 | Zot:5    | Gained mutation: You are frail. (-10% HP) [an orb of fire]
 52835 | Zot:5    | Gained mutation: You do not regenerate when monsters are
                  | visible. [an orb of fire]
 52837 | Zot:5    | Gained mutation: Armour fits poorly on your strangely
                  | shaped body. [an orb of fire]
 52837 | Zot:5    | Killed an orb of fire
 52838 | Zot:5    | Noticed an orb of fire
 52839 | Zot:5    | Noticed an ancient lich
 52847 | Zot:5    | Gained mutation: You are weak. (Str -2) [an orb of fire]
 52848 | Zot:5    | Gained mutation: Your magical capacity is low. (-10% MP)
                  | [an orb of fire]
 52851 | Zot:5    | Killed an orb of fire
 52853 | Zot:5    | Killed an ancient lich
 53079 | Zot:5    | Noticed an orb of fire
 53080 | Zot:5    | Gained mutation: Your magical capacity is very low. (-20%
                  | MP) [an orb of fire]
 53083 | Zot:5    | Noticed an orb of fire
 53087 | Zot:5    | Noticed an ancient lich
 53089 | Zot:5    | Killed an orb of fire
 53097 | Zot:5    | Killed an orb of fire
 53103 | Zot:5    | Killed an ancient lich
 53103 | Zot:5    | Received a gift from Okawaru
 53648 | Zot:5    | Noticed an ancient lich
 53661 | Zot:5    | Killed an ancient lich
 53661 | Zot:5    | Reached skill level 23 in Fighting
 53766 | Zot:5    | Received a gift from Okawaru
 53863 | Zot:4    | Lost mutation: You are weak. (Str -2) [potion of mutation]
 53863 | Zot:4    | Lost mutation: You are frail. (-10% HP) [potion of
                  | mutation]
 53863 | Zot:4    | Lost mutation: Your magical capacity is very low. (-20% MP)
                  | [potion of mutation]
 53863 | Zot:4    | Lost mutation: Your magical capacity is low. (-10% MP)
                  | [potion of mutation]
 53863 | Zot:4    | Gained mutation: Your skin blends seamlessly with your
                  | surroundings (Stealth++). [potion of mutation]
 54351 | Vaults:5 | Lost mutation: Scrolls take you a little longer to read.
                  | [potion of mutation]
 54351 | Vaults:5 | Lost mutation: You expend magic power (3 MP) to strengthen
                  | your wands. [potion of mutation]
 54351 | Vaults:5 | Lost mutation: You are resistant to electric shocks.
                  | (rElec) [potion of mutation]
 54351 | Vaults:5 | Lost mutation: Armour fits poorly on your strangely shaped
                  | body. [potion of mutation]
 54351 | Vaults:5 | Gained mutation: You are resistant to hostile enchantments.
                  | (MR+) [potion of mutation]
 54351 | Vaults:5 | Lost mutation: You are resistant to hostile enchantments.
                  | (MR+) [potion of mutation]
 54351 | Vaults:5 | Gained mutation: You passively map a small area around you.
                  | [potion of mutation]
 54577 | D:12     | Bought a wand of acid (7) for 374 gold pieces
 54577 | D:12     | Bought a potion of mutation for 136 gold pieces
 54577 | D:12     | Lost mutation: You passively map a small area around you.
                  | [potion of mutation]
 54577 | D:12     | Lost mutation: Your skin blends seamlessly with your
                  | surroundings (Stealth++). [potion of mutation]
 54577 | D:12     | Lost mutation: You are agile. (Dex +2) [potion of mutation]
 54577 | D:12     | Lost mutation: You do not regenerate when monsters are
                  | visible. [potion of mutation]
 54577 | D:12     | Gained mutation: Armour fits poorly on your strangely
                  | shaped body. [potion of mutation]
 54577 | D:12     | Gained mutation: You are dopey. (Int -2) [potion of
                  | mutation]
 54577 | D:12     | Gained mutation: Your system is resistant to poisons.
                  | (rPois) [potion of mutation]
 54899 | Depths:3 | You paid a toll of a +5 demon trident to enter a treasure
                  | trove
 54900 | Trove    | Entered a treasure trove
 54918 | Trove    | Identified Sif Muna's Disquisition on Ashen Conjuration
 54951 | Trove    | Identified Sif Muna's Almanac of Evil Displacement
 55314 | Elf:1    | Entered Level 1 of the Elven Halls
 55363 | Elf:1    | Noticed Frances
 55368 | Elf:1    | Killed Frances
 55376 | Elf:1    | Identified the Papyrus of Unholy Rites
 55406 | Elf:1    | Lost mutation: You are dopey. (Int -2) [potion of mutation]
 55406 | Elf:1    | Lost mutation: Armour fits poorly on your strangely shaped
                  | body. [potion of mutation]
 55406 | Elf:1    | Gained mutation: You are somewhat resistant to further
                  | mutation. [potion of mutation]
 55406 | Elf:1    | Gained mutation: You are resistant to hostile enchantments.
                  | (MR+) [potion of mutation]
 55869 | Elf:1    | Found Plog's Weapon Boutique.
 56452 | Elf:2    | Found a huge runed gate.
 56453 | Elf:2    | Found a huge runed gate.
 56454 | Elf:2    | Found a huge runed gate.
 56455 | Elf:2    | Found a huge runed gate.
 56456 | Elf:2    | Found a huge runed gate.
 56838 | Elf:2    | Found Wusus's Food Emporium.
 56901 | Elf:2    | Received a gift from Okawaru
 56907 | Elf:2    | Identified the +1 broad axe "Japh" {freeze, rElec Dex+3}
                  | (Okawaru gifted it to you on level 2 of the Elven Halls)
 57074 | Elf:3    | Entered Level 3 of the Elven Halls
 57089 | Elf:3    | Found Vurrestro's General Store.
 57097 | Elf:3    | Noticed Louise
 57124 | Elf:3    | Killed Louise
 57574 | Elf:3    | Reached skill level 10 in Invocations
 57666 | Elf:3    | Noticed Donald
 57731 | Elf:3    | Received a gift from Okawaru
 57732 | Elf:3    | HP: 9/252 [deep elf sorcerer/damnation (37)]
 57732 | Elf:3    | Killed from afar by a deep elf high priest

Skill      XL: |  1  2  3  4  5  6  7  8  9 10 11 12 13 14 15 16 17 18 19 20 21 22 23 24 25 26 27 |
---------------+----------------------------------------------------------------------------------+-----
Axes           | 3 4 5 6 7 9 10 11 12 13 14 15 16 17 18 19 20 21 22 | 22.6
Dodging        | 3 4 5 6 7 8 9 10 11 12 13 14 15 16 | 16.6
Armour         | 1 2 4 5 6 7 8 9 10 11 12 14 17 18 19 20 21 22 | 22.7
Shields        | 1 2 4 5 6 8 9 10 11 12 | 12.5
Fighting       | 4 5 6 8 9 10 11 12 13 15 16 17 18 19 20 21 22 23 | 23.4
Evocations     | 2 4 6 7 |  7.2
Invocations    | 4 6 10 | 10.6
Bows           | 2 4 6 7 8 10 11 | 11.0
Throwing       | 4 5 6 |  6.1
Stealth        | |  1.7

Action                   |  1- 3 |  4- 6 |  7- 9 | 10-12 | 13-15 | 16-18 | 19-21 | 22-24 | 25-27 || total
-------------------------+-------+-------+-------+-------+-------+-------+-------+-------+-------++-------
Melee: Hand axe          |    83 |    56 |   410 |   768 |   462 |       |       |       |       ||  1779
       Kick              |       |       |       |       |   325 |       |       |    40 |   708 ||  1073
       Broad axe         |       |       |       |       |   879 |  1334 |  1165 |   799 |  1278 ||  5455
Throw: Javelin           |       |       |    10 |    39 |    49 |    10 |       |     3 |    47 ||   158
Evoke: Wand              |       |     1 |     1 |     1 |    39 |    32 |     6 |     4 |       ||    84
  Use: Potion            |       |       |     3 |     5 |     2 |     1 |     5 |     7 |     8 ||    31
       Scroll            |       |       |     1 |    15 |    27 |    16 |    17 |    11 |    19 ||   106
 Stab: Sleeping          |     1 |       |       |       |       |       |       |       |       ||     1
       Paralysed         |       |     2 |       |       |     7 |       |       |       |       ||     9
       Distracted        |       |       |       |       |    11 |    12 |     8 |     6 |    10 ||    47
       Confused          |       |       |       |       |       |       |     1 |     1 |       ||     2
  Eat: Chunk             |     2 |     3 |    18 |    15 |    30 |    22 |    14 |    12 |    26 ||   142
       Ration            |       |       |       |     1 |     2 |     5 |     3 |     1 |     2 ||    14
Armor: Plate armour      |    55 |    29 |   177 |   443 |   565 |    91 |       |       |       ||  1360
       Robe              |     1 |       |       |       |       |       |       |       |       ||     1
       Crystal plate arm |       |       |       |       |       |   918 |   583 |   439 |   605 ||  2545
Dodge: Dodged            |     8 |     3 |    39 |   112 |   257 |   455 |   369 |   245 |   472 ||  1960
Block: Shield            |    13 |    13 |   151 |   371 |   377 |       |       |       |       ||   925
       Buckler           |       |       |       |       |   210 |   862 |   625 |   386 |   583 ||  2666
       Reflection        |       |       |       |       |       |    40 |    48 |    25 |    19 ||   132
